 Dungeon Crawl Stone Soup version 0.27-a0-1123-g2f9bb313c0 (webtiles) character file.

Game seed: 10207110262442417371

167 Zeld the Chucker (level 5, -2/36 HPs)
             Began as an Octopode Fighter on May 3, 2021.
             Slain by a kobold
             ... wielding a +0 whip
              (5 damage)
             ... on level 4 of the Dungeon.
             The game lasted 00:02:29 (3106 turns).

Zeld the Chucker (Octopode Fighter)                 Turns: 3106, Time: 00:02:29

Health: -2/36      AC:  1    Str: 17    XL:     5   Next: 48%
Magic:  5/5        EV: 11    Int: 10    God:
Gold:   134        SH:  9    Dex: 11    Spells: 4/4 levels left

rFire    . . .     SeeInvis .   a - +0 war axe
rCold    . . .     Faith    .   b - +0 kite shield
rNeg     . . .     Spirit   .   (helmet restricted)
rPois    .         Reflect  .   (no amulet)
rElec    .         Harm     .   (no ring)
rCorr    .         Rampage  .   (no ring)
Will     .....                  (no ring)
Stlth    ++........             (no ring)
HPRegen  0.12/turn              (no ring)
MPRegen  0.09/turn              (no ring)
                                (no ring)
                                (no ring)

@: no status effects
A: almost no armour, amphibious, 8 rings, camouflage 1, gelatinous body 1,
(nimble swimmer 1), tentacles
a: no special abilities


You were on level 4 of the Dungeon.
You visited 1 branch of the dungeon, and saw 4 of its levels.

You collected 134 gold pieces.

Inventory:

Hand Weapons
 a - a +0 war axe (weapon)
Missiles
 h - 13 poisoned darts (quivered)
 n - 5 silver boomerangs
Armour
 b - a +0 kite shield (worn)
Scrolls
 e - 3 scrolls of identify {unknown}
 f - a scroll of magic mapping {unknown}
 j - a scroll of enchant armour {unknown}
 k - 2 scrolls of teleportation {unknown}
 l - 2 scrolls of silence {unknown}
 o - a scroll of vulnerability {unknown}
Potions
 c - a potion of might
 d - 4 potions of heal wounds {unknown}
 g - 2 potions of attraction {unknown}
 i - a potion of curing {unknown}
 m - a potion of lignification {unknown}


   Skills:
 - Level 3.2 Fighting
 - Level 2.3 Axes
 * Level 4.4 Throwing
 - Level 3.0 Dodging
 - Level 3.2 Shields


You had 4 spell levels left.
You didn't know any spells.
Your spell library contained the following spells:

 Spells                   Type           Power      Damage    Failure   Level
 Summon Small Mammal      Summ           0%         N/A       86%         1
 Call Imp                 Summ           0%         N/A       95%         2
 Call Canine Familiar     Summ           0%         N/A       99%         3
 Conjure Flame            Conj/Fire      0%         6-21      99%         3
 Malign Gateway           Summ/Tloc      0%         N/A       100%        7
 Animate Armour           Summ/Erth      Unusable   N/A       N/A         4

Dungeon Overview and Level Annotations

Branches:
Dungeon (4/15)
 Temple: D:4-7

Altars:
Beogh

Annotations:
D:3 3 runed translucent doors, Zeld's ghost, amateur OpCj
D:4 Dowan; Duvessa


Innate Abilities, Weirdness & Mutations

You cannot wear most types of armour.
You are amphibious.
You can wear up to eight rings at the same time.
Your skin changes colour to match your surroundings (Stealth+).
Your rubbery body absorbs attacks. (AC +1, EV +1)
((You are camouflaged near water. (Stealth+)))
You have tentacles for arms and can constrict up to eight enemies at once.


Message History

You throw a silver boomerang.
The silver boomerang misses the phantom.
Unknown command.
You slash the phantom!
You destroy the phantom!
Your Throwing skill increases to level 4!
You have reached level 5!
You feel stronger.
A goblin comes into view. It is wielding a +0 club.
A goblin is nearby!
Duvessa, Sister of Dowan comes into view.
She is wielding a +0 short sword.
A kobold and Dowan come into view.
Dowan is wielding a +0 dagger of speed.
Found a leatherbound book.
Found an escape hatch in the floor.
The kobold shouts!
Duvessa hits you with a +0 short sword!
An orc priest comes into view. It is wielding a +0 dagger.
The goblin shouts!
You hear a shout! x2
You block Duvessa's attack. Duvessa hits you with a +0 short sword!
* * * LOW HITPOINT WARNING * * *
An orc comes into view. It is wielding a +0 club.
Dowan hits you with a +0 dagger of speed.
* * * LOW HITPOINT WARNING * * *
The goblin closely misses you.
You are too injured to fight recklessly!
Unknown command.
Okay, then.
The kobold hits you with a +0 whip.
* * * LOW HITPOINT WARNING * * *
An orc comes into view. It is wielding a +0 club.
Duvessa says, "My weaknesses are his strengths!"
Dowan hits you with a +0 dagger of speed.
* * * LOW HITPOINT WARNING * * *
Found a flail.
The orc priest begins to cast a cantrip, but forgets the words!
The kobold misses you.
Dowan casts a spell.
Dowan blinks!
The kobold hits you with a +0 whip.
You die...

.......#...#
#...........
####.......)...
...............
.............
#...........
#...........
#..g@.......
#####..Ke......#
#.....ยง...###>..
#...o..........#
....#.o..o....:..#
...............<.#
..#..##..........#
#..##....###...#
................#


You could see Duvessa, an orc priest, 2 orcs, a goblin and a kobold.

Vanquished Creatures
  A phantom (D:4)
  3 adders
  3 dart slugs
  An orc (D:3)
  A ball python (D:3)
  3 bats
  4 endoplasms
  A giant cockroach (D:3)
  5 goblins
  6 hobgoblins
  12 jackals
  A kobold (D:3)
  3 quokkas
  2 frilled lizards (D:1)
  2 rats
48 creatures vanquished.

Notes
Turn   | Place    | Note
-------+----------+-------------------------------------------
     0 | D:1      | Zeld the Octopode Fighter began the quest for the Orb.
     0 | D:1      | Reached XP level 1. HP: 16/16 MP: 1/1
   300 | D:1      | Found a faded altar of an unknown god.
   378 | D:1      | Reached XP level 2. HP: 21/21 MP: 2/2
   979 | D:2      | Reached skill level 1 in Throwing
  1154 | D:2      | Reached XP level 3. HP: 25/26 MP: 3/3
  1386 | D:1      | Reached skill level 2 in Throwing
  1963 | D:3      | Reached XP level 4. HP: 26/31 MP: 4/4
  2105 | D:3      | Identified the Compendium of Scorching Companions
  2284 | D:3      | Reached skill level 3 in Throwing
  2633 | D:3      | Noticed Zeld's ghost (amateur OpCj)
  2633 | D:3      | Identified the +2 scale mail "Hagoyczo" {Regen+}
  2634 | D:3      | Found a runed translucent gate.
  2634 | D:3      | Found a runed translucent gate.
  2634 | D:3      | Found a runed translucent gate.
  3084 | D:4      | Noticed a phantom
  3090 | D:4      | Killed a phantom
  3091 | D:4      | Reached skill level 4 in Throwing
  3091 | D:4      | Reached XP level 5. HP: 36/36 MP: 5/5
  3095 | D:4      | Noticed Duvessa
  3096 | D:4      | Noticed Dowan
  3106 | D:4      | Slain by a kobold

Illustrated notes

Levels and vault maps discovered:
D:1:      pf_arrival_petrified_forest, layout_loops_ring,
          hellmonk_ecumenical_altar_heavens_door, minivault_27
D:2:      layout_basic, nrook_mini_backslash
D:3:      layout_loops_ring, biasface_ghost_orc_armoury
D:4:      layout_basic, minmay_temple_entry_junction_2, uniq_duvessa

Skill      XL: |  1  2  3  4 |
---------------+-------------+-----
Throwing       | 1 2 4 |  4.4
Fighting       | |  3.2
Axes           | |  2.3
Dodging        | |  3.0
Shields        | |  3.2

Action                   |  1- 3 |  4- 6 || total
-------------------------+-------+-------++-------
Melee: War axe           |    50 |    25 ||    75
       Constrict         |    12 |     6 ||    18
       Tentacles         |     7 |     4 ||    11
Throw: Boomerang         |       |     5 ||     5
 Stab: Sleeping          |     7 |     2 ||     9
Armor: Skin              |     1 |     1 ||     2
Dodge: Dodged            |    22 |    11 ||    33
Block: Kite shield       |    23 |     8 ||    31

Table legend: (Time is in decaauts)
 A = Elapsed time spent in this place.
 B = Non-inter-level travel time spent in this place.
 C = Inter-level travel time spent in this place.
 D = Time resting spent in this place.
 E = Time spent auto-exploring this place.
 F = Levels seen in this place.
 G = Mean time per level.
                   A        B        C        D        E       F      G
               +--------+--------+--------+--------+--------+-----+--------+
         Total |   3154 |   2993 |    161 |    171 |   2457 |   4 |  788.5 |
       Dungeon |   3154 |   2993 |    161 |    171 |   2457 |   4 |  788.5 |
               +--------+--------+--------+--------+--------+-----+--------+

Top non-repeatable levels by time:
     D:3: 1180 daAuts
     D:1: 1163 daAuts
     D:2: 783 daAuts
     D:4: 28 daAuts
